Map: Dusk Towers

Players

Innovator - Winner!

  • Race: Protoss Protoss
  • League: Master

Sanguine

  • Race: Terran Terran
  • League: Master

Gray

  • Race: Terran Terran

VOD

Have the link to the VOD?

Description

Time

  • Played on: March 7, 2016, 7:35 p.m.
  • Length: 17:16
Show
View Real Time Build Order
Export as new Build Order

Innovator Protoss - Winner!

Build Orders: 1 Gate Expand, Dark Templar Rush 

Get SALT Encoding   

  12  0:01  Probe (Chrono Boost)  
  13  0:11  Probe (Chrono Boost)  
  14  0:19  Pylon  
  14  0:22  Probe (Chrono Boost)  
  15  0:37  Probe (Chrono Boost)  
  15  0:42  Gateway  
  16  0:47  Probe (Chrono Boost)  
  17  0:58  Probe (Chrono Boost)  
  18  1:12  Nexus  
  18  1:15  Probe (Chrono Boost)  
  19  1:20  Assimilator  
  19  1:24  Assimilator  
  19  1:28  Probe (Chrono Boost)  
  20  1:38  Cybernetics Core  
  21  1:40  Probe (Chrono Boost)  
  21  1:50  Pylon  
  21  1:51  Probe (Chrono Boost)  
  23  2:01  Probe (Chrono Boost)  
  23  2:15  Mothership Core (Chrono Boost), Adept (Chrono Boost)  
  27  2:25  Warp Gate (Chrono Boost)  
  27  2:29  Probe  
  27  2:36  Probe  
  27  2:39  Probe  
  28  2:48  Probe  
  28  2:50  Probe  
  29  2:56  Twilight Council  
  30  3:00  Probe x2  
  32  3:10  Assimilator  
  32  3:11  Probe  
  32  3:12  Probe  
  34  3:21  Probe  
  34  3:24  Probe  
  36  3:29  Robotics Facility  
  36  3:32  Probe  
  37  3:36  Probe  
  38  3:43  Probe, Pylon  
  38  3:44  Dark Shrine  
  39  3:48  Probe  
  39  3:51  Stalker (Chrono Boost)  
  39  3:53  Probe  
  43  4:00  Probe  
  44  4:03  Gateway  
  44  4:04  Probe  
  45  4:12  Probe  
  45  4:14  Probe  
  45  4:16  Warp Prism (Chrono Boost)  
  49  4:25  Probe x2  
  50  4:32  Pylon  
  50  4:35  Stalker  
  52  4:39  Probe  
  52  4:41  Probe  
  54  4:48  Observer (Chrono Boost)  
  54  4:53  Probe  
  54  4:57  Nexus  
  54  4:59  Pylon  
  55  5:07  Observer (Chrono Boost), Probe  
  55  5:08  Probe  
  55  5:09  Gateway  
  57  5:19  Dark Templar  
  57  5:20  Dark Templar, Probe  
  62  5:23  Probe  
  62  5:24  Pylon  
  62  5:25  Pylon  
  63  5:32  Probe  
  63  5:33  Assimilator  
  63  5:34  Probe  
  63  5:35  Pylon  
  65  5:44  Probe  
  65  5:48  Probe  
  66  5:52  Dark Templar x2  
  66  5:57  Probe  
  70  5:59  Probe  
  71  6:08  Gateway  
  71  6:09  Probe, Gateway  
  71  6:10  Probe  
  69  6:20  Probe  
  69  6:21  Probe  
  69  6:23  Dark Templar  
  69  6:26  Immortal (Chrono Boost)  
  69  6:27  Dark Templar  
  69  6:28  Dark Templar  
  69  6:31  Probe  
  78  6:33  Probe  
  78  6:36  Charge (Chrono Boost)  
  79  6:41  Probe, Gateway x2  
  79  6:45  Probe  
  79  6:46  Dark Templar  
  81  7:03  Immortal (Chrono Boost)  
  81  7:04  Zealot x2, Pylon x2  
  89  7:13  Dark Templar  
  89  7:22  Probe x2, Zealot x2  
  85  7:23  Probe  
  88  7:32  Templar Archives, Assimilator x2, Mothership Core  
  88  7:36  Probe, Zealot x2  
  93  7:40  Immortal (Chrono Boost)  
  93  7:43  Dark Templar  
  97  7:45  Stalker  
  97  7:47  Zealot x3  
  105  7:54  Pylon  
  105  7:55  Forge  
  105  7:58  Forge  
  105  8:04  Dark Templar  
  107  8:09  Probe  
  108  8:14  Templar Archives  
  108  8:18  Pylon x2  
  108  8:19  Pylon  
  100  8:20  Zealot x3  
  100  8:24  Zealot  
  100  8:26  Protoss Ground Weapons Level 1 (Chrono Boost)  
  104  8:27  Zealot  
  104  8:28  Probe  
  107  8:35  Protoss Ground Armor Level 1 (Chrono Boost)  
  107  8:39  Pylon  
  107  8:41  Pylon  
  107  8:45  Photon Cannon  
  107  8:46  Pylon  
  107  8:50  High Templar x2  
  107  8:51  Pylon  
  107  8:58  Zealot x2  
  107  9:01  Zealot x2  
  107  9:02  Archon  
  107  9:06  Psionic Storm  
  107  9:10  Immortal  
  107  9:18  High Templar, Pylon  
  107  9:20  Pylon  
  107  9:26  Zealot x2  
  107  9:27  Zealot x3  
  116  9:36  Photon Cannon  
  107  9:48  Warp Prism  
  107  9:49  Probe x2  
  107  9:51  High Templar x3  
  116  10:05  Zealot x2  
  116  10:06  Zealot x2, Nexus  
  124  10:17  Gateway  
  124  10:19  Gateway  
  123  10:25  Zealot x3  
  123  10:26  Zealot  
  128  10:32  Probe, Pylon  
  128  10:43  Protoss Ground Weapons Level 2 (Chrono Boost)  
  128  10:44  High Templar x2  
  128  10:46  Probe x2  
  130  10:51  Probe  
  131  10:58  Probe x2  
  131  11:03  Probe  
  130  11:06  High Templar, Stalker  
  130  11:10  Probe  
  130  11:11  Probe  
  128  11:16  Photon Cannon  
  128  11:20  Protoss Ground Armor Level 2 (Chrono Boost)  
  128  11:22  Photon Cannon  
  128  11:27  Probe  
  128  11:28  Photon Cannon  
  128  11:30  Probe x2  
  129  11:40  Probe, Photon Cannon  
  129  11:41  Archon x2  
  129  11:45  Probe x2  
  128  11:50  Blink  
  128  11:51  High Templar x4  
  136  11:54  Probe  
  136  11:55  Probe  
  136  11:57  Probe  
  136  12:00  Pylon  
  139  12:15  Pylon  
  139  12:16  High Templar  
  139  12:18  Stalker  
  139  12:19  Stalker  
  145  12:24  Probe  
  145  12:26  Assimilator  
  145  12:28  Assimilator, Zealot x2  
  145  12:29  Zealot  
  152  12:36  High Templar  
  148  12:49  Zealot x5  
  148  12:50  Zealot x2  
  149  13:26  Zealot x6  
  161  13:27  Nexus  
  161  13:28  Pylon  
  161  13:29  Protoss Ground Armor Level 3 (Chrono Boost)  
  161  13:31  Probe  
  156  13:45  Zealot  
  156  13:46  Zealot x2  
  156  13:53  Dark Templar  
  152  14:03  Nexus  
  152  14:06  Mothership Core  
  152  14:21  Probe  
  152  14:22  Probe  
  150  14:26  Zealot x2  
  150  14:27  High Templar x2, Probe  
  155  14:31  Probe  
  155  14:34  Probe  
  137  14:44  Archon  
  137  14:45  Archon  
  123  14:46  Probe  
  123  14:47  Probe  
  123  14:48  Probe  
  123  14:49  High Templar x4  
  123  14:50  High Templar x2  
  139  15:00  Probe (Chrono Boost), Dark Templar  
  139  15:01  Probe (Chrono Boost)  
  139  15:02  Probe (Chrono Boost)  
  139  15:06  Pylon  
  143  15:11  Probe (Chrono Boost)  
  143  15:13  Probe (Chrono Boost)  
  145  15:23  High Templar x4  
  145  15:24  High Templar x2  
  157  15:32  Probe (Chrono Boost)  
  157  15:33  Probe (Chrono Boost), Assimilator  
  157  15:34  Assimilator, Photon Cannon  
  159  15:37  Photon Cannon  
  157  15:46  Stalker x2  
  161  15:56  Forge  
  161  15:59  Stalker  
  161  16:00  Stalker  
  161  16:01  Zealot  
  167  16:12  Robotics Facility  
  167  16:15  Stalker x3  
  173  16:20  Archon x3  
  173  16:27  Nexus  
  173  16:32  Robotics Facility  
  173  16:33  High Templar  
  175  16:42  High Templar  
  175  16:43  Zealot x2  
  181  17:06  Stalker x3  
  181  17:07  Stalker x3  
Show
View Real Time Build Order
Export as new Build Order

Sanguine Terran 

Build Orders: Reaper Expand, MMM Bio 

Get SALT Encoding   

  12  0:00  SCV  
  13  0:12  SCV  
  14  0:17  Supply Depot  
  14  0:25  SCV  
  15  0:39  SCV  
  15  0:41  Barracks  
  16  0:45  Refinery  
  16  0:51  SCV  
  17  1:03  SCV  
  18  1:15  SCV  
  19  1:27  Orbital Command  
  19  1:28  Reaper  
  20  1:40  Command Center  
  20  1:50  Supply Depot  
  20  1:53  SCV  
  21  2:00  Reaper  
  22  2:05  SCV  
  23  2:10  Refinery  
  23  2:17  SCV  
  24  2:24  Factory  
  24  2:29  SCV  
  25  2:41  SCV  
  25  2:42  Barracks Reactor  
  25  2:47  Barracks x2  
  24  2:53  SCV  
  25  2:58  Orbital Command  
  24  3:07  SCV  
  25  3:19  SCV  
  26  3:24  SCV  
  26  3:25  Hellion  
  26  3:26  Hellion  
  31  3:27  Barracks Tech Lab  
  31  3:31  SCV  
  32  3:35  Barracks Reactor x2  
  32  3:36  SCV  
  32  3:40  Engineering Bay  
  33  3:43  SCV  
  34  3:48  SCV  
  34  3:50  Widow Mine x2  
  34  3:53  Marine  
  34  3:55  SCV  
  41  3:59  Supply Depot  
  41  4:00  Stimpack  
  41  4:01  SCV  
  42  4:07  SCV  
  43  4:10  Marine  
  43  4:11  Missile Turret x2  
  43  4:12  Marine x2  
  46  4:20  Marine x2  
  48  4:26  SCV x2  
  48  4:31  Supply Depot  
  50  4:32  Terran Infantry Weapons Level 1  
  50  4:37  Marine  
  50  4:38  Marine  
  52  4:40  Factory Tech Lab  
  52  4:41  Marauder  
  52  4:42  Starport  
  54  4:52  Marine, SCV x2, Supply Depot  
  57  4:53  Marine  
  57  4:55  Marine x2  
  60  5:02  Marauder  
  62  5:13  Marine x3, SCV, Siege Tank  
  69  5:14  Supply Depot  
  69  5:18  Refinery  
  69  5:19  Supply Depot  
  69  5:29  SCV  
  69  5:33  Supply Depot  
  69  5:35  Marine x4, Medivac x2  
  70  5:37  Marauder  
  74  5:53  Marine  
  70  5:58  SCV x2  
  70  6:02  Marine x2  
  70  6:03  Marauder  
  75  6:09  Marine  
  75  6:10  SCV x2  
  75  6:11  Marine  
  71  6:21  Marine x2  
  71  6:22  SCV  
  74  6:26  Missile Turret  
  74  6:29  SCV  
  74  6:32  Terran Infantry Armor Level 1  
  75  6:33  Marine x2  
  75  6:38  Combat Shields  
  77  6:41  SCV  
  78  6:53  Marine x3  
  78  6:54  Marine, Marauder  
  79  6:55  Medivac  
  79  6:58  SCV  
  81  7:07  SCV  
  81  7:10  SCV  
  81  7:11  Supply Depot  
  81  7:14  Marine x4  
  83  7:19  SCV, Siege Tank  
  84  7:29  Medivac  
  83  7:32  SCV x2  
  83  7:34  Marine x3  
  84  7:41  Marine  
  85  7:44  SCV  
  85  7:46  Marauder  
  85  7:47  SCV  
  89  7:55  Marine x2  
  89  7:56  Marine, SCV  
  93  8:01  Marine  
  92  8:08  Marauder  
  92  8:10  Supply Depot  
  93  8:13  Marine x2  
  93  8:17  Supply Depot  
  90  8:20  SCV  
  90  8:21  Marine, SCV  
  90  8:22  Marine  
  84  8:29  Marauder  
  84  8:31  Marine  
  84  8:36  Barracks  
  84  8:37  Barracks  
  84  8:38  Marine  
  84  8:41  Marine  
  85  8:42  Marine  
  85  8:46  Medivac  
  89  8:50  Marauder  
  89  8:57  Command Center  
  89  8:59  Marine  
  81  9:10  Marine x3  
  81  9:12  Marauder, Missile Turret  
  86  9:17  Marine  
  86  9:19  Siege Tank  
  86  9:20  Medivac x2  
  92  9:28  Marine  
  92  9:29  Barracks Reactor  
  92  9:30  Barracks Tech Lab  
  93  9:33  Marauder  
  93  9:36  Marine x2  
  96  9:45  Marine x2  
  96  9:47  SCV x2  
  98  9:54  Marauder x2  
  98  9:55  Marine x2  
  98  9:59  SCV  
  98  10:03  Marine x2  
  100  10:16  Marine x3, Marauder  
  100  10:17  Marauder, Medivac  
  104  10:22  Marine x2  
  104  10:23  Siege Tank  
  104  10:24  SCV x2  
  106  10:37  Marauder  
  106  10:38  Marine x4  
  106  10:39  Marauder, Orbital Command  
  106  10:40  SCV x2  
  106  10:41  Marine  
  116  10:50  Armory  
  116  10:52  SCV, Refinery  
  116  10:54  Marine, SCV  
  116  10:56  Marine  
  119  10:59  Marauder  
  119  11:03  Marine  
  119  11:04  Marine, Marauder  
  121  11:13  Marine  
  121  11:14  Marine x2, Siege Tank  
  121  11:18  SCV  
  125  11:19  Refinery  
  125  11:20  Marauder  
  125  11:21  Missile Turret, SCV, Refinery  
  128  11:26  Marine x2, Marauder, SCV  
  128  11:29  Marine  
  128  11:31  Marine x2  
  134  11:35  Marine  
  134  11:36  Medivac  
  131  11:49  Marine  
  131  11:50  Marine x3, Marauder x2  
  137  11:58  SCV  
  137  12:00  Terran Infantry Weapons Level 2  
  138  12:02  Barracks x2  
  138  12:03  SCV  
  138  12:04  Barracks  
  138  12:07  Supply Depot  
  139  12:11  Marauder  
  141  12:17  Missile Turret  
  141  12:19  Marine x2  
  141  12:21  Marine  
  141  12:22  Marauder  
  140  12:27  Marine x3  
  138  12:32  Marine  
  138  12:35  Medivac  
  138  12:36  SCV  
  129  12:37  Marine x2  
  121  12:51  Barracks Tech Lab x2  
  121  13:00  Marine x3  
  121  13:01  Marauder x2  
  121  13:05  Barracks Tech Lab  
  117  13:07  Siege Tank  
  120  13:14  Marine x3, Marauder  
  120  13:15  Marauder  
  120  13:17  Ghost Academy  
  124  13:21  Marine  
  124  13:22  Marauder  
  124  13:26  Engineering Bay  
  124  13:27  Marine x2, Marauder  
  117  13:28  SCV  
  119  13:38  Engineering Bay  
  114  13:46  SCV  
  114  13:47  Marine x2, SCV  
  114  13:48  Marine x3, Marauder  
  125  14:02  Marine x2  
  121  14:03  Marauder x2  
  121  14:08  Marine x2  
  121  14:09  Marine x2  
  131  14:16  Marauder  
  133  14:22  Marine x4  
  116  14:24  Marine  
  111  14:37  Marine x3  
  73  14:40  Marauder  
  47  14:47  Marine  
  36  14:59  Marine  
  35  15:11  Marine  
  35  15:12  Marine  
  35  15:23  Marine x2  
  35  15:25  Orbital Command  
  37  15:36  Marauder  
  26  15:47  Marine x2  
  28  16:11  Marine, Medivac  
  28  16:12  Marine  
  28  16:15  Marine  
  33  16:34  Marauder x2  
  33  16:36  Marine  
  33  16:39  Medivac  
  43  16:54  Marine  
Show
View Real Time Build Order
Export as new Build Order

Gray Terran 

Build Orders:  

Get SALT Encoding   

Tags
 
Add a new tag
Caveats
  • Supply blocks, unpowered buildings, or Contaminate may cause inaccurate times.
  • Supply counts are checked every 10 seconds.